 Dungeon Crawl Stone Soup version 0.29.1-15-g9cfb28693d (webtiles) character file.

Game seed: 2703572270412463690

137 jtron the Trooper (level 5, -2/47 HPs)
             Began as a Gnoll Wanderer on Mar 3, 2023.
             Slain by Grinder (4 damage)
             ... on level 4 of the Dungeon.
             The game lasted 00:04:33 (3037 turns).

jtron the Trooper (Gnoll Wanderer)                  Turns: 3037, Time: 00:04:34

Health: -2/47      AC:  2    Str: 10    XL:     5   Next: 20%
Magic:  9/9        EV: 12    Int: 12    God:
Gold:   94         SH:  0    Dex: 16    Spells: 10/10 levels left

rFire   + . .      SeeInvis .   a - +3 falchion
rCold   . . .      Faith    .   (no shield)
rNeg    . . .      Spirit   .   d - +0 robe
rPois   .          Reflect  .   (no helmet)
rElec   .          Harm     .   (no cloak)
rCorr   .          Rampage  .   (no gloves)
Will    .....                   (no boots)
Stlth   ++........              (no amulet)
HPRegen 0.15/turn               m - ring "Meneejap" {rF+ Dex+2 Slay+2}
MPRegen 0.11/turn               (no ring)

@: mighty, hasted, very quick
A: fangs 1, strong nose, distributed training
a: no special abilities


You were on level 4 of the Dungeon.
You visited 1 branch of the dungeon, and saw 4 of its levels.

You collected 94 gold pieces.

Inventory:

Hand Weapons
 a - a +3 falchion (weapon)
 b - a +0 short sword
Missiles
 h - a boomerang
 j - 15 stones
 k - 6 javelins (quivered)
Armour
 d - a +0 robe (worn)
Magical Staves
 s - a staff of air
Jewellery
 m - the ring "Meneejap" (left hand) {rF+ Dex+2 Slay+2}
   (You found it on level 2 of the Dungeon)

   [ring of protection from fire]

   Dex:       It affects your dexterity (+2).
   Slay:      It affects your accuracy & damage with ranged weapons and melee
   (+2).
   rF:        It protects you from fire.
 n - a ring of protection from fire
Scrolls
 f - a scroll of enchant armour {unknown}
 g - 6 scrolls of identify {unknown}
 i - 3 scrolls of teleportation
 l - 2 scrolls of vulnerability {unknown}
 o - 2 scrolls of immolation {unknown}
 p - a scroll of acquirement {unknown}
 q - 2 scrolls of poison {unknown}
Potions
 c - a potion of haste
 r - a potion of flight {unknown}


   Skills:
 + Level 6.7 Fighting
 + Level 4.8 Short Blades
 + Level 4.8 Long Blades
 + Level 1.4 Axes
 + Level 1.4 Maces & Flails
 + Level 1.4 Polearms
 + Level 1.4 Staves
 + Level 1.4 Ranged Weapons
 + Level 1.4 Throwing
 + Level 4.8 Armour
 + Level 1.4 Dodging
 + Level 1.4 Stealth
 + Level 1.4 Shields
 + Level 1.4 Unarmed Combat
 + Level 3.1 Spellcasting
 + Level 1.1 Conjurations
 + Level 1.1 Hexes
 + Level 1.1 Summonings
 + Level 1.1 Necromancy
 + Level 1.1 Translocations
 + Level 1.1 Transmutations
 + Level 1.1 Fire Magic
 + Level 1.1 Ice Magic
 + Level 1.1 Air Magic
 + Level 1.1 Earth Magic
 + Level 1.1 Poison Magic
 + Level 1.6 Invocations
 + Level 1.4 Evocations


You had 10 spell levels left.
You didn't know any spells.
Your spell library contained the following spells:

 Spells                   Type           Power      Damage    Failure   Level
 Beastly Appendage        Tmut           8%         N/A       16%         1
 Freeze                   Ice            16%        1d4       16%         1
 Magic Dart               Conj           16%        1d3       16%         1
 Call Imp                 Summ           4%         N/A       22%         2
 Static Discharge         Conj/Air       4%         3-4/arc   22%         2
 Wereblood                Tmut           4%         N/A       22%         2
 Frozen Ramparts          Ice            8%         1d2       41%         3
 Mephitic Cloud           Conj/Pois/Air  4%         N/A       41%         3
 Spider Form              Tmut/Pois      4%         N/A       41%         3
 Dispel Undead            Necr           4%         3d7       83%         4
 Hailstorm                Conj/Ice       4%         3d4       83%         4
 Sticky Flame             Conj/Fire      4%         2d3       83%         4
 Summon Forest            Summ/Tloc      2%         N/A       99%         5
 Eringya's Noxious Bog    Tmut/Pois      2%         N/A       100%        6
 Summon Hydra             Summ           2%         N/A       100%        7


Dungeon Overview and Level Annotations

Branches:
Dungeon (4/15)
 Temple: D:4-7

Altars:

Annotations:
D:4 Grinder


Innate Abilities, Weirdness & Mutations

You have very sharp teeth.
Your uncanny sense of smell can sniff out nearby items.
Your experience applies equally to all skills.


Message History

There is a stone staircase leading down here.
You climb downwards.
Found a scroll labelled DUOD BAETOOGU and 9 gold pieces.
There is a stone staircase leading up here.
g - 6 scrolls labelled DUOD BAETOOGU (gained 1)
You now have 94 gold pieces (gained 9).
A goblin comes into view. It is wielding a +0 club.
Grinder comes into view.
Grinder shouts!
The goblin shouts!
Grinder blinks!
You closely miss the goblin. The goblin barely misses you.
Grinder blinks!
You barely miss the goblin. The goblin hits you but does no damage.
You closely miss the goblin. The goblin closely misses you.
You slash the goblin!
You kill the goblin!
Grinder says, "There's only one good use for a tongue: cutting it out."
You hit Grinder but do no damage. Grinder hits you!
You feel very mighty all of a sudden.
Grinder blinks!
Grinder hits you!
You writhe in agony.
You are too injured to fight recklessly!
You are too injured to fight recklessly!
You slash Grinder!
Grinder is moderately wounded.
Grinder barely misses you.
You closely miss Grinder.
Grinder is moderately wounded.
Grinder hits you!
You writhe in agony.
* * * LOW HITPOINT WARNING * * *
You barely miss Grinder.
Grinder is moderately wounded.
Grinder hits you!
* * * LOW HITPOINT WARNING * * *
You writhe in agony.
* * * LOW HITPOINT WARNING * * *
You slash Grinder!
Grinder is severely wounded.
Grinder closely misses you.
You feel yourself speed up. Grinder hits you.
You die...

###.#### #.# #.#
#.#### #.# #....#
#+# ####.# #.# #
#.# ##. #.#
###...#.####.##.#
......5@..).....#
###...#.####.##.#
##.##.# ## ...
##.# #.# #.# #.#


You could see Grinder.

Vanquished Creatures
  Natasha (D:3)
  5 adders
  4 dart slugs
  8 bats
  2 endoplasms (D:1)
  4 giant cockroaches
  10 goblins
  4 hobgoblins
  3 quokkas
  3 ball pythons (D:1)
  3 frilled lizards
  3 kobolds
  9 rats
59 creatures vanquished.

Notes
Turn   | Place    | Note
-------+----------+-------------------------------------------
     0 | D:1      | jtron the Gnoll Wanderer began the quest for the Orb.
     0 | D:1      | jtron set off with the following items: a +3 falchion, a +0
                  | short sword, a potion of haste, a +0 robe.
     0 | D:1      | Reached XP level 1. HP: 23/23 MP: 4/4
   288 | D:1      | Reached XP level 2. HP: 29/29 MP: 5/5
   794 | D:1      | Reached XP level 3. HP: 33/35 MP: 7/7
  1230 | D:2      | Reached skill level 1 in Invocations
  1440 | D:2      | Reached skill level 1 in Axes
  1440 | D:2      | Reached skill level 1 in Maces & Flails
  1440 | D:2      | Reached skill level 1 in Polearms
  1440 | D:2      | Reached skill level 1 in Staves
  1440 | D:2      | Reached skill level 1 in Ranged Weapons
  1440 | D:2      | Reached skill level 1 in Throwing
  1440 | D:2      | Reached skill level 1 in Dodging
  1440 | D:2      | Reached skill level 1 in Stealth
  1440 | D:2      | Reached skill level 1 in Shields
  1440 | D:2      | Reached skill level 1 in Unarmed Combat
  1440 | D:2      | Reached skill level 1 in Evocations
  1668 | D:2      | Reached XP level 4. HP: 21/41 MP: 8/8
  1669 | D:2      | Identified the ring "Meneejap" {rF+ Dex+2 Slay+2}
  1977 | D:2      | Found a faded altar of an unknown god.
  1984 | D:2      | Reached skill level 1 in Conjurations
  1984 | D:2      | Reached skill level 1 in Hexes
  1984 | D:2      | Reached skill level 1 in Summonings
  1984 | D:2      | Reached skill level 1 in Necromancy
  1984 | D:2      | Reached skill level 1 in Translocations
  1984 | D:2      | Reached skill level 1 in Transmutations
  1984 | D:2      | Reached skill level 1 in Fire Magic
  1984 | D:2      | Reached skill level 1 in Ice Magic
  1984 | D:2      | Reached skill level 1 in Air Magic
  1984 | D:2      | Reached skill level 1 in Earth Magic
  1984 | D:2      | Reached skill level 1 in Poison Magic
  2218 | D:3      | Noticed Natasha
  2369 | D:3      | Killed Natasha
  2370 | D:3      | Reached XP level 5. HP: 10/47 MP: 9/9
  3023 | D:4      | Noticed Grinder
  3035 | D:4      | HP: 2/47 [Grinder (3)]
  3037 | D:4      | Slain by Grinder

Illustrated notes

Levels and vault maps discovered:
D:1:      elethiomel_arrival_fortress_basement, layout_basic
D:2:      layout_basic, shapermc_ecumenical_altar_totnotflames
D:3:      layout_rooms, uniq_natasha
D:4:      layout_loops_corners, uniq_grinder, uniq_sigmund

Skill      XL: |  1  2  3  4 |
---------------+-------------+-----
Invocations    | 1 |  1.6
Axes           | 1 |  1.4
Maces & Flails | 1 |  1.4
Polearms       | 1 |  1.4
Staves         | 1 |  1.4
Ranged Weapons | 1 |  1.4
Throwing       | 1 |  1.4
Dodging        | 1 |  1.4
Stealth        | 1 |  1.4
Shields        | 1 |  1.4
Unarmed Combat | 1 |  1.4
Evocations     | 1 |  1.4
Spellcasting   | 3 |  3.1
Conjurations   | 1 |  1.1
Hexes          | 1 |  1.1
Summonings     | 1 |  1.1
Necromancy     | 1 |  1.1
Translocations | 1 |  1.1
Transmutations | 1 |  1.1
Fire Magic     | 1 |  1.1
Ice Magic      | 1 |  1.1
Air Magic      | 1 |  1.1
Earth Magic    | 1 |  1.1
Poison Magic   | 1 |  1.1
Fighting       | |  6.7
Short Blades   | |  4.8
Long Blades    | |  4.8
Armour         | |  4.8

Action                   |  1- 3 |  4- 6 || total
-------------------------+-------+-------++-------
Melee: Falchion          |    77 |    45 ||   122
       Bite              |     5 |     2 ||     7
       Punch             |       |     1 ||     1
Throw: Boomerang         |     6 |       ||     6
       Javelin           |     6 |     3 ||     9
  Use: Potion            |       |     4 ||     4
       Scroll            |       |     1 ||     1
 Stab: Sleeping          |     2 |     1 ||     3
Armor: Robe              |    19 |     7 ||    26
Dodge: Dodged            |    49 |    19 ||    68
